 Dungeon Crawl Stone Soup version 0.21.1-1-g345015f (webtiles) character file.

1935 sking99 the Cleaver (level 9, -4/79 HPs)
             Began as a Hill Orc Monk on June 28, 2018.
             Was a Believer of Qazlal.
             Killed from afar by an electric eel (7 damage)
             ... with a bolt of electricity
             ... on level 8 of the Dungeon.
             The game lasted 00:20:35 (8665 turns).

sking99 the Cleaver (Hill Orc Monk)                 Turns: 8665, Time: 00:20:36

Health: -4/79      AC: 13    Str: 22    XL:     9   Next: 17%
Magic:  11/11      EV:  6    Int: 10    God:    Qazlal [**....]
Gold:   205        SH: 12    Dex: 13    Spells: 8/8 levels left

rFire    . . .     SeeInvis .   w - +0 war axe
rCold    . . .     Gourm    .   d - +2 shield
rNeg     . . .     Faith    +   F - +0 chain mail
rPois    .         Spirit   .   D - +2 hat
rElec    .         Reflect  .   (no cloak)
rCorr    .         Harm     .   H - +0 pair of gloves
MR       .....                  y - +0 pair of boots
Stlth    ..........             j - amulet of faith
HPRegen  0.23/turn              k - +3 ring of strength
MPRegen  0.12/turn              u - +2 ring of strength

@: no status effects
A: no striking features
a: Upheaval, Renounce Religion


You were on level 8 of the Dungeon.
You worshipped Qazlal.
Qazlal was pleased with you.
You were not hungry.

You visited 2 branches of the dungeon, and saw 9 of its levels.

You collected 268 gold pieces.
You spent 63 gold pieces at shops.

Inventory:

Hand Weapons
 a - a +0 hand axe
 w - a +0 war axe (weapon)
Missiles
 I - a throwing net (quivered)
Armour
 d - a +2 shield (worn)
 y - a +0 pair of boots (worn)
 D - a +2 hat (worn)
 F - a +0 chain mail (worn)
 H - a +0 pair of gloves (worn)
Jewellery
 j - an amulet of faith (around neck)
 k - a +3 ring of strength (left hand)
 t - an uncursed ring of teleportation
 u - a +2 ring of strength (right hand)
 A - an uncursed amulet of the gourmand
Wands
 G - a wand of iceblast (6)
Scrolls
 e - 3 scrolls of amnesia
 f - a scroll of fog
 i - 3 scrolls of remove curse
 n - a scroll of fear {unknown}
 o - 5 scrolls of teleportation
 q - 5 scrolls of magic mapping
 r - 5 scrolls of random uselessness {unknown}
 s - 2 scrolls of blinking {unknown}
 E - 3 scrolls of identify
Potions
 b - a potion of agility
 g - a potion of mutation {unknown}
 h - a potion of might
 m - a potion of ambrosia {unknown}
 p - 2 potions of degeneration
 v - 2 potions of brilliance
 x - 3 potions of curing
 B - a potion of lignification {unknown}
 C - 2 potions of invisibility {unknown}
Books
 l - a book of Changes

   Spells                             Type                      Level
   a - Beastly Appendage              Transmutation                1
   b - Sticks to Snakes               Transmutation                2
   c - Spider Form                    Transmutation/Poison         3
   d - Ice Form                       Ice/Transmutation            4
   e - Blade Hands                    Transmutation                5
 z - a book of Necromancy

   Spells                             Type                      Level
   a - Pain                           Necromancy                   1
   b - Animate Skeleton               Necromancy                   1
   c - Vampiric Draining              Necromancy                   3
   d - Regeneration                   Charms/Necromancy            3
   e - Animate Dead                   Necromancy                   4
   f - Borgnjor's Vile Clutch         Necromancy/Earth             5
Comestibles
 c - 15 rations


   Skills:
 - Level 7.6 Fighting
 * Level 12.2 Axes
 + Level 3.2 Armour
 - Level 2.4 Dodging
 - Level 1.5 Stealth
 + Level 3.9 Invocations


You had 8 spell levels left.
You didn't know any spells.

Dungeon Overview and Level Annotations

Branches:
Dungeon (8/15)             Temple (1/1) D:6
   Lair: D:8-11

Altars:
Ashenzari
Cheibriados
Dithmenos
Gozag
Kikubaaqudgha
Makhleb
Nemelex Xobeh
Okawaru
Qazlal
Ru
Sif Muna
Trog
Uskayaw
Vehumet
Wu Jian
Xom
Yredelemnul
Zin
The Shining One

Shops:
D:4 *


Message History

The electric eel shoots out a bolt of lightning at you!
The bolt of electricity hits you!
* * * LOW HITPOINT WARNING * * *
You feel better.
The electric eel shoots out a bolt of lightning at you!
The bolt of electricity hits you!
* * * LOW HITPOINT WARNING * * *
The electric eel shoots out a bolt of lightning at you!
The bolt of electricity misses you.
The electric eel shoots out a bolt of lightning at you!
The bolt of electricity hits you!
* * * LOW HITPOINT WARNING * * *
The electric eel shoots out a bolt of lightning at you!
The bolt of electricity hits you!
* * * LOW HITPOINT WARNING * * *
The electric eel shoots out a bolt of lightning at you!
The bolt of electricity hits you!
* * * LOW HITPOINT WARNING * * *
The bolt of electricity hits you!
You die...

...8##.........#..≈≈≈≈....#
#_## ###.#.#####..≈≈≈≈≈...+
## #.....# #.≈≈≈≈≈≈≈≈≈+
####..# #.$≈;≈≈≈...+ #..#
#...≈≈.....# #######..##
#..........# #.........#
#...§...$..#
#.........####§.........#
#............@§...?......
#.........#####..........
#.........# ######..##.
#.....[...# ### ###########


You could see an electric eel.

Vanquished Creatures
  A spriggan (D:7)
  A sky beast (D:6)
  2 ogres
  2 ice beasts
  A water moccasin zombie (D:7)
  A scorpion (D:5)
  4 killer bees (D:8)
  An electric eel (D:8)
  A howler monkey (D:6)
  4 crimson imps
  A centaur zombie (D:7)
  A hound (D:6)
  A centaur skeleton (D:7)
  2 bullfrog skeletons (D:7)
  5 orc priests
  5 orc wizards
  3 iguanas
  3 worker ants (D:5)
  11 adders
  4 gnolls
  2 shadow imps
  3 worms
  2 dart slugs (D:2)
  5 leopard geckos
  21 orcs
  3 giant cockroaches
  8 hobgoblins
  6 jackals
  2 quokkas
  A ball python (D:3)
  11 bats
  3 frilled lizards
  3 goblins
  8 kobolds
  A quokka skeleton (D:7)
  A quokka zombie (D:5)
  10 rats
144 creatures vanquished.

Notes
Turn   | Place    | Note
-------+----------+-------------------------------------------
     0 | D:1      | sking99 the Hill Orc Monk began the quest for the Orb.
     0 | D:1      | Reached XP level 1. HP: 19/19 MP: 1/1
   273 | D:1      | Reached XP level 2. HP: 27/27 MP: 2/2
   786 | D:2      | Reached skill level 5 in Axes
   786 | D:2      | Reached XP level 3. HP: 29/33 MP: 3/3
  1788 | D:2      | Reached XP level 4. HP: 37/41 MP: 4/4
  1942 | D:2      | Found an ornate altar of the Wu Jian Council.
  2088 | D:3      | Noticed an ogre
  2118 | D:3      | Killed an ogre
  2118 | D:3      | Reached skill level 5 in Fighting
  2118 | D:3      | Reached skill level 6 in Axes
  2118 | D:3      | Reached XP level 5. HP: 7/48 MP: 5/5
  2498 | D:3      | Reached skill level 7 in Axes
  2808 | D:3      | Reached XP level 6. HP: 38/56 MP: 6/6
  3539 | D:4      | Reached skill level 8 in Axes
  4132 | D:4      | Reached XP level 7. HP: 44/63 MP: 7/7
  4410 | D:4      | Found Esioschoa's Assorted Antiques.
  4415 | D:4      | Bought a scroll of magic mapping for 63 gold pieces
  4861 | D:5      | Entered Level 5 of the Dungeon
  5050 | D:5      | Reached skill level 9 in Axes
  5242 | D:5      | Found a shimmering altar of Xom.
  5926 | D:6      | Found a sacrificial altar of Ru.
  5958 | D:6      | Reached skill level 10 in Axes
  6078 | D:6      | Reached XP level 8. HP: 68/73 MP: 8/8
  6126 | D:6      | Found a staircase to the Ecumenical Temple.
  6153 | Temple   | Entered the Ecumenical Temple
  6262 | Temple   | Became a worshipper of Qazlal Stormbringer
  6262 | Temple   | Reached * piety under Qazlal
  6262 | Temple   | Reached ** piety under Qazlal
  6306 | D:6      | Found a sparkling altar of Nemelex Xobeh.
  6367 | D:6      | Found a bloodstained altar of Trog.
  6957 | D:6      | Reached skill level 11 in Axes
  7057 | D:7      | Reached skill level 1 in Invocations
  7266 | D:7      | Reached skill level 1 in Armour
  7611 | D:7      | Noticed a spriggan baker
  7645 | D:7      | Killed a spriggan baker
  7645 | D:7      | Reached XP level 9. HP: 30/79 MP: 11/11
  8047 | D:7      | Reached skill level 12 in Axes
  8228 | D:8      | Found a radiant altar of Vehumet.
  8330 | D:8      | Found a basalt altar of Yredelemnul.
  8665 | D:8      | HP: 3/79 [electric eel/bolt of electricity (5)]
  8665 | D:8      | Killed from afar by an electric eel

Skill      XL: |  1  2  3  4  5  6  7  8  9 |
---------------+----------------------------+-----
Fighting       | 4 5 6 7 |  7.6
Axes           | 5 6 7 8 10 11 12 | 12.2
Invocations    | 3 |  3.9
Armour         | 2 3 |  3.2
Dodging        | |  2.4
Stealth        | |  1.5

Action                   |  1- 3 |  4- 6 |  7- 9 || total
-------------------------+-------+-------+-------++-------
Melee: Hand axe          |   139 |   105 |       ||   244
       War axe           |       |   102 |   331 ||   433
  Use: Potion            |       |     1 |     3 ||     4
       Scroll            |       |     9 |     1 ||    10
 Stab: Sleeping          |     1 |       |       ||     1
  Eat: Chunk             |     3 |     8 |    11 ||    22
       Ration            |       |       |     1 ||     1
Armor: Robe              |     7 |       |       ||     7
       Ring mail         |    40 |    17 |       ||    57
       Scale mail        |       |    77 |    50 ||   127
       Chain mail        |       |       |   100 ||   100
Dodge: Dodged            |    73 |    75 |    62 ||   210
Block: Buckler           |    16 |    13 |       ||    29
       Shield            |       |    24 |   162 ||   186
